AoeStats
← sueyroagustin

Nomad

508310206Analyzed
3v3 RM · 10d ago on Sep 21, 2026· 32m 39s· 6 players
Game mode
Random Map
Map size
210×210
Population
200
Speed
Normal
Resources
Standard
Victory
Conquest
Starting age
Dark Age
Ending age
Imperial Age
RankedLock teamsTeams togetherTeam positionsShared explorationLock speedFull tech treeHidden civsTurbo modeCheats
Victory
Defeat
🇪🇸 Huns · Spain
942
+15
🇷🇺 Byzantines · Russia
895
+18
🇦🇷 Maya · Argentina
887
+39
🇦🇷 Khitans · Argentina
928
-17
🇦🇷 Romans · Argentina
923
-17
🇦🇷 Ethiopians · Argentina
914
-16
[Vsh]-BilShit™
3:53 Loom
15:12 Feudal Age
16:00 Gold Mining
17:00 Double-Bit Axe
19:59 Padded Archer Armor
20:49 Fletching
22:52 Forging
27:53 Castle Age
25:59 Stone Mining
29:00 Crossbowman
29:46 Thumb Ring
29:13 Pikeman
32:15 Scale Mail Armor
32:50 Iron Casting
[Vsh]-Tutta
21:09 Feudal Age
19:25 Loom
22:01 Fishing Lines
22:18 Man-at-Arms
26:52 Castle Age
27:18 Long Swordsman
28:01 Scale Mail Armor
28:01 Padded Archer Armor
28:14 Forging
28:56 Pikeman
[Vsh]-Choco
16:23 Feudal Age
16:50 Man-at-Arms
23:20 Castle Age
23:49 Crossbowman
24:34 Thumb Ring
25:17 Fletching
25:28 Padded Archer Armor
25:49 Long Swordsman
30:41 Squires
sueyroagustin
17:50 Feudal Age
26:53 Arson
27:48 Wheelbarrow
28:51 Double-Bit Axe
32:44 Castle Age
JacobitoHigh
5:30 Loom
19:17 Feudal Age
20:04 Double-Bit Axe
20:09 Fishing Lines
23:33 Castle Age
22:56 Bloodlines
23:00 Forging
22:56 Scale Barding Armor
22:51 Gold Mining
27:56 Wheelbarrow
28:00 Gold Shaft Mining
28:08 Iron Casting
28:29 Husbandry
Mko
15:07 Feudal Age
15:38 Double-Bit Axe
16:23 Fishing Lines
17:15 Horse Collar
19:33 Wheelbarrow
23:40 Castle Age
27:54 Gillnets
28:23 Scale Barding Armor
28:29 Forging
29:24 Hand Cart
Connection lost

Rejoining the realm…

Still unreachable

The connection could not be restored.

Session expired

The server has moved on; the page needs a fresh start.